 Dungeon Sprint DCSS version 0.26-a0-1079-g3a4175ecf3 (webtiles) character file.

Game seed: 13861922386999417917

56 Kadekuru the Shield-Bearer (level 3, -5/30 HPs)
             Began as a Vampire Fighter on Dec 14, 2020.
             Slain by an iguana (8 damage)
             ... in the Dungeon (Sprint IX: "|||||||||||||||||||||||||||||").
             The game lasted 00:00:43 (56 turns).

Kadekuru the Shield-Bearer (Vampire Fighter)          Turns: 56, Time: 00:00:44

Health: -5/30      AC:  7    Str: 16    XL:     3   Next: 71%
Magic:  3/3        EV:  7    Int: 10    God:
Gold:   0          SH:  9    Dex: 13    Spells: 2/2 levels left

rFire    . . .     SeeInvis +   a - +0 long sword
rCold    . . .     Faith    .   c - +0 kite shield
rNeg     . . .     Spirit   .   b - +0 scale mail
rPois    .         Reflect  .   (no helmet)
rElec    .         Harm     .   (no cloak)
rCorr    .         Rampage  .   (no gloves)
Will     .....     NoTele   +   (no boots)
Stlth    ..........             (no amulet)
HPRegen  0.30/turn              (no ring)
MPRegen  0.08/turn              (no ring)

@: regenerating quickly
A: fangs 3, see invisible, unbreathing
a: Exsanguinate


You were in the Dungeon.
You visited 1 branch

Inventory:

Hand Weapons
 a - a +0 long sword (weapon)
Armour
 b - a +0 scale mail (worn)
 c - a +0 kite shield (worn)
Scrolls
 j - a scroll of blinking
Potions
 d - a potion of might
 g - a potion of haste
 h - 2 potions of magic
 i - a potion of berserk rage


   Skills:
 + Level 4.1 Fighting
 + Level 4.0 Long Blades
 + Level 4.0 Armour
 + Level 0.1 Dodging
 + Level 4.3 Shields


You had 2 spell levels left.
You didn't know any spells.
Your spell library was empty.

Dungeon Overview and Level Annotations

Branches:
Dungeon (1/1)

Altars:


Innate Abilities, Weirdness & Mutations

Your natural rate of healing is unusually fast.
You have razor-sharp teeth.
You have supernaturally acute eyesight. (SInv)
You can survive without breathing.


Message History

You closely miss the iguana.
The iguana is severely wounded.
You block the iguana's attack.
You closely miss the iguana.
The iguana is severely wounded.
The iguana bites you.
* * * LOW HITPOINT WARNING * * *
The iguana barely misses you.
You feel better. You block the iguana's attack.
You hit the iguana.
The iguana is almost dead.
The iguana completely misses you.
You completely miss the iguana.
The iguana is almost dead.
The iguana bites you!
* * * LOW HITPOINT WARNING * * *
You closely miss the iguana.
The iguana is almost dead.
The iguana bites you!
You die...

▓.▓
▓.▓
▓.▓
▓)▓
▓.▓
▓.▓
▓.▓
▓.▓
▓@▓
▓l▓
▓Z▓
▓.▓
▓.▓
▓.▓
▓.▓
▓+▓


You could see an iguana and a bat zombie.

Vanquished Creatures
  A worker ant (D)
  An iguana (D)
  An orc (D)
  2 hobgoblins (D)
  A frilled lizard (D)
  2 rats (D)
8 creatures vanquished.

Notes
Turn   | Place    | Note
-------+----------+-------------------------------------------
     0 | D        | Kadekuru the Vampire Fighter began the quest for the Orb.
     0 | D        | Reached XP level 1. HP: 17/17 MP: 1/1
    27 | D        | Noticed a worker ant
    27 | D        | Noticed an iguana
    27 | D        | Noticed an iguana
    35 | D        | Killed a worker ant
    36 | D        | Reached XP level 2. HP: 7/25 MP: 2/2
    36 | D        | Reached XP level 3. HP: 8/30 MP: 3/3
    56 | D        | Slain by an iguana

Illustrated notes

Levels and vault maps discovered:
D:        linesprint [early_d, line_temple, items_1, d_10, items_2, lair_1,
          lair_end, items_3, orc_1, orc_end, items_4, d_15, swamp_1, shoals_1,
          snake_1, spider_1, d_20, vaults_1, items_5, swamp_end, shoals_end,
          snake_end, spider_end, vaults_end, d_27, items_6, zot_1, zot_end,
          crypt_end, forest_end, elf_end, slime_end, tomb_end, abyss_end,
          pan_hell_end]

Skill      XL: |  1  2  3 |
---------------+----------+-----
Fighting       | 3 4 |  4.1
Shields        | 4 |  4.3
Long Blades    | 3 4 |  4.0
Armour         | 3 4 |  4.0
Dodging        | |  0.1

Action                   || total
-------------------------++-------
Melee: Long sword        ||    40
       Bite              ||     2
  Use: Potion            ||     2
Armor: Scale mail        ||    11
Dodge: Dodged            ||    10
Block: Kite shield       ||    17
       Rpst.: Long sword ||     1

Table legend: (Time is in decaauts)
 A = Elapsed time spent in this place.
 B = Non-inter-level travel time spent in this place.
 C = Inter-level travel time spent in this place.
 D = Time resting spent in this place.
 E = Time spent auto-exploring this place.
 F = Levels seen in this place.
 G = Mean time per level.
                   A        B        C        D        E       F      G
               +--------+--------+--------+--------+--------+-----+--------+
         Total |     69 |     69 |      0 |      0 |      0 |   1 |   69.0 |
       Dungeon |     69 |     69 |      0 |      0 |      0 |   1 |   69.0 |
               +--------+--------+--------+--------+--------+-----+--------+

Top non-repeatable levels by time:
       D: 69 daAuts
